AoeStats
← Captain

Northern Isles

510279847Analyzed
1v1 RM · 1d ago on Sep 30, 2026· 103m 33s· 2 players
Game mode
Random Map
Map size
Tiny (2 player)
Population
200
Speed
Normal
Resources
Standard
Victory
Conquest
Starting age
Dark Age
Ending age
Imperial Age
RankedLock teamsTeams togetherTeam positionsShared explorationLock speedFull tech treeHidden civsTurbo modeCheats
Victory
Defeat
🇫🇷 Vikings · France
1003
+18
🇳🇴 Koreans · Norway
1040
-18
Captain
4:20 Loom
11:07 Feudal Age
11:33 Double-Bit Axe
11:57 Fishing Lines
13:53 Horse Collar
14:58 Stone Mining
18:28 Castle Age
20:38 Bow Saw
23:17 Heavy Plow
24:13 Gold Mining
27:10 Fletching
28:06 Bodkin Arrow
29:25 Careening
29:30 Clinker Construction
32:10 Imperial Age
31:39 Gold Shaft Mining
32:43 Ballistics
32:34 Masonry
34:46 Chemistry
34:33 Crop Rotation
35:54 Elite Longship
37:21 Dry Dock
37:21 Carvel Hull
38:07 Two-Man Saw
36:45 Elite Longship
43:00 Conscription
42:42 Bogsveigar
46:10 Hoardings
54:38 Elite Berserk
55:19 Chieftains
55:24 Bracer
55:35 Forging
55:26 Scale Mail Armor
55:26 Padded Archer Armor
55:58 Heated Shot
55:49 Treadmill Crane
56:05 Murder Holes
56:40 Architecture
58:05 Iron Casting
67:46 Chain Mail Armor
68:31 Blast Furnace
70:38 Plate Mail Armor
▬ι ﺤ | s_ry1
7:48 Loom
10:18 Feudal Age
11:02 Double-Bit Axe
13:40 Forging
14:55 Fishing Lines
19:37 Castle Age
18:18 Fletching
22:22 Murder Holes
22:48 Ballistics
22:21 Heated Shot
22:29 Bodkin Arrow
23:15 Gillnets
23:39 Medium Warships
27:21 Wheelbarrow
34:01 Imperial Age
34:07 Eupseong
34:53 Eupseong
36:26 Chemistry
36:22 Bracer
37:47 Careening
37:51 Clinker Construction
37:29 Elite Turtle Ship
40:55 Gold Mining
41:23 Hand Cart
41:58 Dry Dock
44:52 Conscription
47:22 Masonry
49:15 Architecture
57:56 Bow Saw
58:34 Shinkichon
71:34 Treadmill Crane
Connection lost

Rejoining the realm…

Still unreachable

The connection could not be restored.

Session expired

The server has moved on; the page needs a fresh start.